 Dungeon Crawl Stone Soup version 0.29.1-12-g30fa7ad0bf (webtiles) character file.

Game seed: 15679724704527009888

110 cheesebisquit the Digger (level 4, -7/25 HPs)
             Began as a Gargoyle Earth Elementalist on Jan 16, 2023.
             Killed from afar by Sigmund (11 damage)
             ... with a puff of flame
             ... on level 3 of the Dungeon.
             The game lasted 00:11:29 (2875 turns).

cheesebisquit the Digger (GrEE)                     Turns: 2875, Time: 00:11:30

Health: -7/25      AC:  7    Str: 12    XL:     4   Next: 91%
Magic:  3/8        EV: 11    Int: 17    God:
Gold:   63         SH:  0    Dex: 10    Spells: 4/8 levels left

rFire   . . .      SeeInvis .   n - staff of earth
rCold   . . .      Faith    .   (no shield)
rNeg    + . .      Spirit   .   h - +0 leather armour
rPois   ∞          Reflect  .   (no helmet)
rElec   +          Harm     .   t - +0 cloak
rCorr   .          Rampage  .   (no gloves)
Will    .....                   (no boots)
Stlth   ++........              (no amulet)
HPRegen 0.08/turn               (no ring)
MPRegen 0.11/turn               (no ring)

@: no status effects
A: sickness immunity, AC +3, negative energy resistance 1, electricity
resistance, torment resistance 1, petrification resistance
a: no special abilities


You were on level 3 of the Dungeon.
You visited 1 branch of the dungeon, and saw 3 of its levels.

You collected 63 gold pieces.

Inventory:

Armour
 a - a +0 robe
 h - a +0 leather armour (worn)
 k - a +0 chain mail
 q - a +0 scale mail
 t - a +0 cloak (worn)
Magical Staves
 n - a staff of earth (weapon)
Jewellery
 g - an amulet of faith
Scrolls
 d - a scroll of acquirement {unknown}
 e - 2 scrolls of noise {unknown}
 i - 2 scrolls of teleportation {unknown}
 j - 2 scrolls of amnesia {unknown}
 l - 2 scrolls of identify {unknown}
 r - a scroll of enchant armour {unknown}
Potions
 b - a potion of magic
 c - a potion of curing {unknown}
 f - a potion of heal wounds {unknown}
 m - 2 potions of cancellation {unknown}
 o - a potion of mutation {unknown}
 p - a potion of brilliance {unknown}


   Skills:
 + Level 1.6 Fighting
 + Level 1.4 Staves
 - Level 1.7 Dodging
 - Level 2.4 Stealth
 + Level 2.8 Spellcasting
 + Level 0.4 Conjurations
 - Level 1.0 Transmutations
 + Level 4.5 Earth Magic


You had 4 spell levels left.
You knew the following spells:

 Your Spells              Type           Power      Damage    Failure   Level
a - Sandblast             Erth           54%        2d13      3%          1
b - Stone Arrow           Conj/Erth      32%        3d9       24%         3

Your spell library contained the following spells:

 Spells                   Type           Power      Damage    Failure   Level
 Passwall                 Tmut/Erth      14%        N/A       11%         2
 Magic Dart               Conj           12%        1d3       19%         1
 Call Imp                 Summ           2%         N/A       34%         2
 Mephitic Cloud           Conj/Pois/Air  2%         N/A       54%         3
 Petrify                  Tmut/Erth      17%        N/A       56%         4


Dungeon Overview and Level Annotations

Branches:
Dungeon (3/15)

Altars:

Annotations:
D:3 Sigmund


Innate Abilities, Weirdness & Mutations

You are immune to sickness and miasma.
Your stone body is resilient. (AC +3)
You are immune to poison.
You resist negative energy. (rN+)
You are resistant to electric shocks. (rElec)
You are resistant to unholy torment.
You are immune to petrification.


Message History

HP restored.
You climb downwards.
Level annotation: Sigmund Sigmund hits you with a +0 scythe.
There is a stone staircase leading up here.
You feel a surge of power!
The blast of sand hits Sigmund!
Sigmund is moderately wounded.
Sigmund misses you.
You feel a surge of power!
The blast of sand hits Sigmund.
Sigmund is moderately wounded.
Sigmund hits you with a +0 scythe!
You are too injured to fight recklessly!
Aiming: Sandblast (safe; 3% risk of failure)
Press: ? - help, Q - select action Shift-Dir - straight line, f/p - Sigmund
Aim: Sigmund, wielding a +0 scythe and wearing a +2 robe of fire resistance (moderately wounded, 81% to hit)
You feel a surge of power!
The blast of sand hits Sigmund.
Sigmund is moderately wounded.
Sigmund closely misses you.
Aiming: Sandblast (safe; 3% risk of failure)
Press: ? - help, Q - select action Shift-Dir - straight line, f/p - Sigmund
Aim: Sigmund, wielding a +0 scythe and wearing a +2 robe of fire resistance (moderately wounded, 81% to hit)
You feel a surge of power!
The blast of sand hits Sigmund!
Sigmund is severely wounded.
Sigmund hits you with a +0 scythe.
* * * LOW HITPOINT WARNING * * *
Aiming: Sandblast (safe; 3% risk of failure)
Press: ? - help, Q - select action Shift-Dir - straight line, f/p - Sigmund
Aim: Sigmund, wielding a +0 scythe and wearing a +2 robe of fire resistance (severely wounded, 81% to hit)
You feel a surge of power!
The blast of sand misses Sigmund.
Sigmund hits you with a +0 scythe.
* * * LOW HITPOINT WARNING * * *
Okay, then.
Aiming: Sandblast (safe; 3% risk of failure)
Press: ? - help, Q - select action Shift-Dir - straight line, f/p - Sigmund
Aim: Sigmund, wielding a +0 scythe and wearing a +2 robe of fire resistance (severely wounded, 81% to hit)
You feel a surge of power!
The blast of sand hits Sigmund.
Sigmund is almost dead.
Sigmund gestures at you while chanting. The puff of flame hits you!
You die...

... ... #.# #.# #.#
##.#######.
##....^..... #
##..@@.## .#
##.......## ..#
#.........####...##
+.........'.......#
#.........####...##
##.......## .##
##.....## ..
##...## ## ##+##


You could see Sigmund.

Vanquished Creatures
  Crazy Yiuf (D:2)
  Terence (D:2)
  2 adders (D:2)
  2 worms (D:2)
  6 endoplasms
  2 giant cockroaches
  7 goblins
  3 hobgoblins
  2 kobolds
  2 quokkas (D:1)
  3 ball pythons
  3 bats (D:1)
  A frilled lizard (D:2)
35 creatures vanquished.

Notes
Turn   | Place    | Note
-------+----------+-------------------------------------------
     0 | D:1      | cheesebisquit the Gargoyle Earth Elementalist began the
                  | quest for the Orb.
     0 | D:1      | Reached XP level 1. HP: 10/10 MP: 3/3
   181 | D:1      | Reached skill level 1 in Transmutations
   181 | D:1      | Reached XP level 2. HP: 11/15 MP: 1/5
   797 | D:1      | Reached skill level 4 in Earth Magic
  1331 | D:2      | Found a runed translucent door.
  1332 | D:2      | Noticed Crazy Yiuf
  1367 | D:2      | Reached XP level 3. HP: 19/19 MP: 2/6
  1600 | D:2      | Found a faded altar of an unknown god.
  1750 | D:2      | Reached skill level 1 in Fighting
  1750 | D:2      | Reached skill level 1 in Staves
  1750 | D:2      | Noticed Terence
  1756 | D:2      | Killed Terence
  1757 | D:2      | Reached XP level 4. HP: 16/25 MP: 0/8
  1961 | D:2      | Learned a level 3 spell: Stone Arrow
  1963 | D:2      | Killed Crazy Yiuf
  2033 | D:3      | Noticed Sigmund
  2875 | D:3      | Killed from afar by Sigmund

Illustrated notes

Levels and vault maps discovered:
D:1:      lightli_arrival_statue_moat, layout_basic, kennysheep_nondescript,
          dreamdust_princess_corridor
D:2:      kennysheep_big_flooded_room, layout_rooms,
          dilly_ecumenical_altar_fadedgnrine, uniq_crazy_yiuf_cottage,
          uniq_terence
D:3:      layout_loops_corners, uniq_grinder, uniq_sigmund

Skill      XL: |  1  2  3 |
---------------+----------+-----
Transmutations | 1 |  1.0
Earth Magic    | 4 |  4.5
Fighting       | 1 |  1.6
Staves         | 1 |  1.4
Dodging        | |  1.7
Stealth        | |  2.4
Spellcasting   | |  2.8
Conjurations   | |  0.4

Action                   |  1- 3 |  4- 6 || total
-------------------------+-------+-------++-------
Melee: Unarmed           |    15 |       ||    15
       Staff             |       |    11 ||    11
 Cast: Sandblast         |    49 |    19 ||    68
Armor: Robe              |     3 |       ||     3
       Leather armour    |     4 |     4 ||     8
Dodge: Dodged            |    17 |    10 ||    27
